 Dungeon Crawl Stone Soup version 0.20.1-1-g8b1a95d (webtiles) character file.

63 slep the Skirmisher (level 4, -2/41 HPs)
             Began as a Hill Orc Abyssal Knight on Oct 27, 2017.
             Was a Follower of Lugonu.
             Slain by a gnoll (4 damage)
             ... on level 2 of the Dungeon.
             The game lasted 00:04:56 (955 turns).

slep the Skirmisher (Hill Orc Abyssal Knight)        Turns: 955, Time: 00:04:57

Health: -2/41      AC:  3    Str: 14    XL:     4   Next: 10%
Magic:  0/6        EV:  8    Int: 12    God:    Lugonu [*.....]
Gold:   46         SH:  6    Dex: 11    Spells: 3/3 levels left

rFire    . . .     SeeInvis .   a - +1 falchion
rCold    . . .     Gourm    .   o - +0 shield
rNeg     . . .     Faith    .   b - +0 leather armour
rPois    .         Spirit   +   (no helmet)
rElec    .         Reflect  .   l - scarf {Spirit}
rCorr    .         Harm     .   (no gloves)
MR       .....                  (no boots)
Stlth    +.........             (no amulet)
Regen    0.2/turn               (no ring)
MPRegen  0.1/turn               (no ring)

@: no status effects
A: no striking features
a: Depart the Abyss, Renounce Religion


You were on level 2 of the Dungeon.
You worshipped Lugonu.
Lugonu was aware of your devotion.
You were not hungry.

You visited 1 branch of the dungeon, and saw 2 of its levels.
You visited the Abyss 1 time.

You collected 46 gold pieces.

Inventory:

Hand Weapons
 a - a +1 falchion (weapon)
Armour
 b - a +0 leather armour (worn)
 l - a scarf of spirit shield (worn)
 o - a +0 shield (worn)
Scrolls
 d - 2 scrolls of enchant armour {unknown}
 e - 3 scrolls of identify {unknown}
 g - a scroll of noise {unknown}
 k - 3 scrolls of teleportation {unknown}
 n - a scroll of remove curse {unknown}
Potions
 h - a potion of heal wounds {unknown}
 i - a potion of agility {unknown}
 m - 2 potions of curing
Comestibles
 c - a bread ration
 f - 3 meat rations
 j - a royal jelly


   Skills:
 + Level 4.7 Fighting
 + Level 2.8 Long Blades
 + Level 2.7 Armour
 + Level 1.0 Dodging
 + Level 0.1 Stealth
 + Level 2.9 Invocations


You had 3 spell levels left.
You didn't know any spells.

Dungeon Overview and Level Annotations

Branches:
Dungeon (2/15)

Altars:


Message History

* * * LOW HITPOINT WARNING * * *
The gnoll hits you.
* * * LOW HITPOINT WARNING * * *
You closely miss the gnoll.
The gnoll is moderately wounded.
You block the gnoll's attack.
Your shield prevents you from hitting the gnoll.
The gnoll is moderately wounded.
The gnoll hits you.
* * * LOW HITPOINT WARNING * * *
You hit the gnoll.
The gnoll is heavily wounded.
The gnoll barely misses you.
You riposte.
You hit the gnoll.
The gnoll is almost dead.
You hit the gnoll but do no damage.
The gnoll is almost dead.
The gnoll hits you.
* * * LOW HITPOINT WARNING * * *
The gnoll hits you.
You die...

≈≈≈...≈..# #.#
.≈.≈....≈# #.#
.#
#####.#######.#
g# #.........#
.# ######.####
g# #.# g# # #.#
.#.#### #.#
#########.......
#.# #.(@gg.(..#
#.# #.#######.#
#.# #.# .#
#.###<## .#
#.##...# .#
#......# .#
####...# ..
##### ##


You could see 2 gnolls.

Vanquished Creatures
  A gnoll (D:2)
  2 adders (D:2)
  2 oozes (D:2)
  A ball python (D:1)
  2 giant cockroaches
  2 goblins
  A hobgoblin (D:2)
  4 jackals (D:2)
  4 kobolds
  2 bats (D:1)
  2 frilled lizards (D:1)
  5 rats
28 creatures vanquished.

Notes
Turn   | Place    | Note
-------+----------+-------------------------------------------
     0 | Abyss:1  | slep the Hill Orc Abyssal Knight began the quest for the Orb.
     0 | Abyss:1  | Reached XP level 1. HP: 19/19 MP: 2/2
   166 | Abyss:1  | Noticed an orange demon
   170 | D:1      | Escaped the Abyss
   376 | D:1      | Reached skill level 4 in Fighting
   412 | D:1      | Reached XP level 2. HP: 27/27 MP: 3/3
   488 | D:1      | Reached * piety under Lugonu
   805 | D:2      | Reached XP level 3. HP: 34/34 MP: 5/5
   867 | D:2      | Found a faded altar of an unknown god.
   947 | D:2      | Reached skill level 1 in Dodging
   947 | D:2      | Reached XP level 4. HP: 17/41 MP: 3/6
   955 | D:2      | HP: 2/41 [gnoll (3)]
   955 | D:2      | Slain by a gnoll

Skill      XL: |  1  2  3 |
---------------+----------+-----
Fighting       | 4 |  4.7
Dodging        | 1 |  1.0
Long Blades    | |  2.8
Armour         | |  2.7
Stealth        | |  0.1
Invocations    | |  2.9

Action                   |  1- 3 |  4- 6 || total
-------------------------+-------+-------++-------
Melee: Falchion          |    81 |     7 ||    88
Invok: Depart the Abyss  |     1 |       ||     1
  Use: Potion            |     1 |       ||     1
Armor: Leather armour    |    20 |     1 ||    21
Dodge: Dodged            |    50 |     1 ||    51
Block: Shield            |     1 |     2 ||     3
       Rpst.: Falchion   |    16 |     1 ||    17
